AoeStats
← For The Horde

Four Lakes

508534031Analyzed
1v1 RM · 8d ago on Sep 22, 2026· 19m 0s· 2 players
Game mode
Random Map
Map size
Tiny (2 player)
Population
200
Speed
Normal
Resources
Standard
Victory
Conquest
Starting age
Dark Age
Ending age
Imperial Age
RankedLock teamsTeams togetherTeam positionsShared explorationLock speedFull tech treeHidden civsTurbo modeCheats
Victory
Defeat
🇵🇪 Random · Peru
1769
+11
🇬🇷 Chinese · Greece
1650
-11
For The Horde
0:26 Loom
10:04 Feudal Age
16:00 Fletching
18:08 Double-Bit Axe
Sadico
6:04 Loom
8:56 Feudal Age
9:31 Town Watch
9:18 Man-at-Arms
14:46 Wheelbarrow
17:37 Double-Bit Axe
Connection lost

Rejoining the realm…

Still unreachable

The connection could not be restored.

Session expired

The server has moved on; the page needs a fresh start.